 Dungeon Crawl Stone Soup version 0.24-a0-458-gfcb5e6da0e (webtiles) character file.

Game seed: 9076197620216922641

0 drasked the Vexing (level 1, -1/19 HPs)
             Began as an Ogre Arcane Marksman on June 27, 2019.
             Slain by a leopard gecko (2 damage)
             ... on level 1 of the Dungeon.
             The game lasted 00:00:56 (294 turns).

drasked the Vexing (Ogre Arcane Marksman)            Turns: 294, Time: 00:00:57

Health: -1/19      AC:  3    Str: 13    XL:     1   Next: 10%
Magic:  2/2        EV: 10    Int: 14    God:
Gold:   15         SH:  0    Dex:  9    Spells: 1/2 levels left

rFire    . . .     SeeInvis .   (no weapon)
rCold    . . .     Gourm    .   (no shield)
rNeg     . . .     Faith    .   a - +0 robe
rPois    .         Spirit   .   (helmet restricted)
rElec    .         Reflect  .   (no cloak)
rCorr    .         Harm     .   (gloves unavailable)
MR       .....                  (boots unavailable)
Stlth    +.........             (no amulet)
HPRegen  0.06/turn              (no ring)
MPRegen  0.08/turn              (no ring)

@: no status effects
A: large, unfitting armour, tough skin 1
a: no special abilities


You were on level 1 of the Dungeon.
You were not hungry.

You visited 1 branch of the dungeon, and saw 1 of its levels.

You collected 15 gold pieces.

Inventory:

Missiles
 d - 2 throwing nets {=f, !d=f}
Armour
 a - a +0 robe (worn)
 g - a +0 cloak
   (You found it on level 1 of the Dungeon)
Jewellery
 f - an uncursed ring of protection from magic {unknown}
   (You found it on level 1 of the Dungeon)
Scrolls
 b - a scroll of remove curse {unknown}
 i - a scroll of identify {unknown}
Comestibles
 e - a ration
 h - a chunk of flesh {@w0}


   Skills:
 + Level 1.4 Fighting
 + Level 2.0 Throwing
 - Level 1.7 Dodging
 + Level 1.2 Spellcasting
 + Level 2.7 Hexes


You had one spell level left.
You knew the following spells:

 Your Spells              Type           Power        Failure   Level  Hunger
v - Corona                Hex            #......      9%          1    ##.....

Your spell library contained the following spells:

 Spells                   Type           Power        Failure   Level  Hunger
 Slow                     Hex            #.......     13%         2    ###....
 Inner Flame              Hex/Fire       #.......     41%         3    ####...
 Portal Projectile        Hex/Tloc       #.....       41%         3    ####...
 Cause Fear               Hex            #.........   63%         4    #####..
 Leda's Liquefaction      Hex/Erth       #.........   83%         4    #####..


Dungeon Overview and Level Annotations

Branches:
Dungeon (1/15)

Altars:


Innate Abilities, Weirdness & Mutations

You are too large for most types of armour.
You have tough skin. (AC +1)


Message History

e - a ration Welcome, drasked the Ogre Arcane Marksman.
The bosom of this dungeon contains the fabled artefact, the Orb of Zot.
Found a scroll labeled CYEV RAT UFOO.
Found a staircase leading out of the dungeon.
Okay, then.
Sorry, you're not good enough to have a special ability.
Okay, then.
b - a scroll labeled CYEV RAT UFOO You now have 7 gold pieces.
You open the door.
There is an open door here.
You now have 15 gold pieces (gained 8).
f - a tubular diamond ring
g - a cloak A rat comes into view.
You hit the rat but do no damage. You hit the rat but do no damage.
The rat bites you but does no damage.
You hit the rat. The rat misses you.
You hit the rat but do no damage. The rat bites you.
You take 2 damage, and have 17/19 hp.
You hit the rat but do no damage. The rat bites you.
You take 3 damage, and have 14/19 hp.
You hit the rat but do no damage. The rat bites you.
You take 2 damage, and have 12/19 hp.
You barely miss the rat. The rat bites you but does no damage.
You hit the rat.
You kill the rat!
You see here a rat corpse.
You butcher the rat corpse.
h - a chunk of flesh {@w0} You see here a rat skeleton.
i - a scroll labeled TESOECS SUERCH You see here 17 bolts.
You start resting.
Health restored: 19 You see here 17 bolts.
A leopard gecko comes into view.
The leopard gecko hisses angrily.
You hit the leopard gecko. The leopard gecko bites you.
The leopard gecko barely misses you.
You take 4 damage, and have 15/19 hp.
MASSIVE DAMAGE!!
You closely miss the leopard gecko.
The leopard gecko bites you but does no damage.
You hit the leopard gecko. The leopard gecko bites you.
You take 2 damage, and have 13/19 hp.
You barely miss the leopard gecko. The leopard gecko bites you.
* * * LOW HITPOINT WARNING * * *
You take 3 damage, and have 10/19 hp.
You hit the leopard gecko.
The leopard gecko bites you but does no damage.
You barely miss the leopard gecko.
The leopard gecko bites you but does no damage.
The leopard gecko bites you.
* * * LOW HITPOINT WARNING * * *
You take 3 damage, and have 7/19 hp.
You miss the leopard gecko. The leopard gecko bites you.
* * * LOW HITPOINT WARNING * * *
You take 4 damage, and have 3/19 hp.
MASSIVE DAMAGE!!
Throwing (i - inventory. (/) - cycle)
c - 4 large rocks (quivered)
{!d!d}
Aim: a leopard gecko (almost dead, clinging)
You throw a large rock {!d!d}.
The large rock {!d!d} barely misses the leopard gecko.
The leopard gecko barely misses you. The leopard gecko closely misses you.
Throwing (i - inventory. (/) - cycle)
c - 3 large rocks (quivered)
{!d!d}
Aim: a leopard gecko (almost dead, clinging)
You throw a large rock {!d!d}.
The large rock {!d!d} completely misses the leopard gecko.
The leopard gecko closely misses you. The leopard gecko barely misses you.
Throwing (i - inventory. (/) - cycle)
c - 2 large rocks (quivered)
{!d!d}
Aim: a leopard gecko (almost dead, clinging)
You throw a large rock {!d!d}.
The large rock {!d!d} barely misses the leopard gecko.
The leopard gecko bites you.
* * * LOW HITPOINT WARNING * * *
The leopard gecko bites you but does no damage.
The leopard gecko barely misses you.
You take 2 damage, and have 1/19 hp.
Throwing (i - inventory. (/) - cycle)
c - a large rock (quivered)
{!d!d}
Aim: a leopard gecko (almost dead, clinging)
You throw a large rock {!d!d}.
The large rock {!d!d} misses the leopard gecko.
The leopard gecko bites you.
You die...

#......############.
#...................
######.######..#####
####.#....#..####
#....#.#...#....#
#.####.###(####.# #.#
#....รท# #.# #.# ####..#
#.# #@# ###..####.#
#..l.# ..#...#...# #.
#.#### #.#...#.### #. ..
.#.#.#...# ##.#####
.#.#.##### .. ...#
.#.#.### #.
##.#######.#.....#
#.##.##........#.#...#.#
#........###.....##.##.#


You could see a leopard gecko.

Levels and vault maps discovered:
D:1:      evilmike_arrival_plus, layout_basic

Notes
Turn   | Place    | Note
-------+----------+-------------------------------------------
     0 | D:1      | drasked the Ogre Arcane Marksman began the quest for the
                  | Orb.
     0 | D:1      | Reached XP level 1. HP: 19/19 MP: 2/2
   290 | D:1      | HP: 3/19 [leopard gecko (4)]
   293 | D:1      | HP: 1/19 [leopard gecko (2)]
   294 | D:1      | Slain by a leopard gecko

Table legend:
 A = Turns spent in this place as a percentage of turns spent in the entire game.
 B = Non-inter-level travel turns spent in this place as a percentage of non-inter-level travel turns spent in the entire game.
 C = Inter-level travel turns spent in this place as a percentage of turns spent in this place.
 D = Turns resting spent in this place as a percentage of non-inter-level travel turns spent in this place.
 E = Turns spent auto-exploring this place as a percentage of non-inter-level travel turns spent in this place.
 F = Non-inter-level travel turns spent in this place divided by the number of levels of this place that you've seen.
                   A       B       C       D       E      F
               +-------+-------+-------+-------+-------+----------------------
         Total | 100.0 | 100.0 |   0.0 |  32.7 |  56.1 | 294.0
       Dungeon | 100.0 | 100.0 |   0.0 |  32.7 |  56.1 | 294.0
               +-------+-------+-------+-------+-------+----------------------

Table legend:
 A = Kills in this place as a percentage of kills in entire the game.
 B = Kills by you in this place as a percentage of kills by you in the entire game.
 C = Kills by friends in this place as a percentage of kills by friends in the entire game.
 D = Other kills in this place as a percentage of other kills in the entire game.
 E = Experience gained in this place as a percentage of experience gained in the entire game.
 F = Experience gained in this place divided by the number of levels of this place that you have seen.
                   A       B       C       D       E      F
               +-------+-------+-------+-------+-------+----------------------
         Total | 100.0 | 100.0 |   N/A |   N/A | 100.0 |   1.0
       Dungeon | 100.0 | 100.0 |   N/A |   N/A | 100.0 |   1.0
               +-------+-------+-------+-------+-------+----------------------

Action                   || total
-------------------------++-------
Melee: Unarmed           ||    15
Throw: Large rock        ||     4
Armor: Robe              ||     6
Dodge: Dodged            ||     7

Vanquished Creatures
  A rat (D:1)
1 creature vanquished.
